Map: 포트 알렉산더 - 래더

Players

Scarlett

  • Race: Zerg Zerg
  • Spawn Location: 11:00

True - Winner!

  • Race: Zerg Zerg
  • League: Grandmaster
  • Spawn Location: 5:00

Event: IEM Season 13 - Katowice Server Qualifiers America

VOD

Have the link to the VOD?

Description

Time

  • Played on: Jan. 6, 2019, 4:55 p.m.
  • Length: 3:13

All games in this series

Show
View Real Time Build Order
Export as new Build Order

Scarlett Zerg 

Build Orders: Hatch First 

Get SALT Encoding   

  12  0:00  Drone  
  13  0:12  Overlord  
  13  0:18  Drone  
  14  0:31  Drone x2  
  16  0:48  Hatchery  
  15  0:52  Drone  
  15  0:56  Drone  
  17  1:00  Drone  
  18  1:11  Extractor  
  17  1:15  Spawning Pool  
  17  1:18  Drone  
  17  1:21  Drone  
  18  1:29  Drone  
  19  1:39  Drone  
  20  1:49  Drone  
  21  2:01  Queen x2  
  21  2:02  Zergling x2  
  21  2:03  Overlord  
  26  2:16  Zergling x4  
  26  2:21  Spine Crawler  
  26  2:24  Zergling x2  
  26  2:27  Zergling x2  
  20  2:47  Zergling x6  
  21  2:51  Zergling x2  
Show
View Real Time Build Order
Export as new Build Order

True Zerg - Winner!

Build Orders: 1 Base Baneling Bust, Pool First 

Get SALT Encoding   

  12  0:00  Drone  
  13  0:12  Extractor  
  12  0:24  Spawning Pool  
  11  0:29  Drone  
  11  0:34  Drone  
  13  0:39  Drone  
  14  0:50  Overlord  
  14  1:12  Zergling x2, Metabolic Boost  
  14  1:14  Zergling x2  
  14  1:15  Zergling x2  
  17  1:23  Zergling x2  
  18  1:33  Baneling Nest  
  18  1:36  Zergling x2  
  18  1:46  Zergling x2  
  19  1:55  Zergling x2  
  20  2:06  Zergling x2  
  21  2:17  Baneling  
  21  2:18  Baneling  
  21  2:20  Zergling x2  
  22  2:28  Hatchery  
  21  2:33  Zergling x2  
  22  2:43  Zergling x2  
  21  2:51  Zergling x2  

Tags
 
Add a new tag
Caveats
  • Supply blocks, unpowered buildings, or Contaminate may cause inaccurate times.
  • Supply counts are checked every 10 seconds.